 Dungeon Crawl Stone Soup version 0.22.1-1-ga44c0e5 (webtiles) character file.

211 miragecloak the Chopper (level 6, 0/47 HPs)
             Began as a Formicid Monk on Oct 2, 2018.
             Slain by a hound (5 damage)
             ... on level 9 of the Dungeon.
             The game lasted 00:08:08 (5159 turns).

miragecloak the Chopper (Formicid Monk)             Turns: 5159, Time: 00:08:08

Health: 0/47       AC:  4    Str: 18    XL:     6   Next: 13%
Magic:  6/6        EV:  6    Int:  9    God:
Gold:   92         SH:  0    Dex: 13    Spells: 5/5 levels left

rFire    + . .     SeeInvis +   a - +0 hand axe
rCold    . . .     Gourm    .   (no shield)
rNeg     . . .     Faith    .   p - +0 leather armour
rPois    .         Spirit   .   (helmet unavailable)
rElec    .         Reflect  .   m - +0 cloak
rCorr    .         Harm     .   (no gloves)
MR       .....                  (no boots)
Stlth    ++........             f - amulet of the acrobat
HPRegen  0.15/turn              d - ring of protection from fire
MPRegen  0.10/turn              b - ring of flight

@: marked, held
A: permanent stasis, dig shafts and tunnels, four strong arms, antennae 3
a: Dig, Shaft Self, Evoke Flight


You were on level 9 of the Dungeon.
You were very hungry.

You visited 1 branch of the dungeon, and saw 7 of its levels.

You collected 92 gold pieces.

Inventory:

Hand Weapons
 a - a +0 hand axe (weapon)
Armour
 m - a +0 cloak (worn)
 p - a +0 leather armour (worn)
Jewellery
 b - a ring of flight (right hand)
 d - a ring of protection from fire (left hand)
 f - an amulet of the acrobat (around neck)
Scrolls
 e - 6 scrolls of identify {unknown}
 g - a scroll of amnesia {unknown}
 i - a scroll of remove curse {unknown}
 l - 2 scrolls of teleportation {unknown}
 n - 3 scrolls of random uselessness {unknown}
Potions
 h - a potion of agility {unknown}
 j - a potion of flight {unknown}
 k - a potion of degeneration {unknown}
 o - 2 potions of curing
Comestibles
 c - 2 rations


   Skills:
 - Level 3.2 Fighting
 + Level 6.4 Axes
 - Level 2.6 Dodging
 - Level 2.4 Stealth


You had 5 spell levels left.
You didn't know any spells.
Your spell library contained the following spells:

 Spells                   Type           Power        Failure   Level  Hunger
 Beastly Appendage        Tmut           #.....       43%         1    ##.....
 Sticks to Snakes         Tmut           #.......     58%         2    ###....
 Spider Form              Tmut/Pois      #.........   82%         3    ####...
 Ice Form                 Ice/Tmut       #.......     99%         4    #####..
 Blade Hands              Tmut           #.........   100%        5    ######.


Dungeon Overview and Level Annotations

Branches:
Dungeon (7/15)
 Temple: D:4-7

Altars:
Ashenzari
Hepliaklqana

Annotations:
D:9 Harold


Innate Abilities, Weirdness & Mutations

You cannot be hasted, slowed, berserked, paralysed or teleported.
You can dig through walls and to a lower floor.
Your four strong arms can wield two-handed weapons with a shield.
You have a pair of large antennae on your head. (SInv)


Message History

You struggle against the net.
The leopard gecko hisses angrily.
You hear a shout! x2
A jackal comes into view.
The hound bites you.
An orc priest comes into view. It is wielding a club.
A jackal comes into view.
The quokka zombie bites you.
* * * LOW HITPOINT WARNING * * *
Harold drinks a potion.
Harold seems to speed up.
The hound bites you but does no damage.
You struggle against the net.
The orc priest casts a cantrip, but nothing happens.
A bullfrog skeleton comes into view.
The hound bites you.
* * * LOW HITPOINT WARNING * * *
The quokka zombie bites you.
* * * LOW HITPOINT WARNING * * *
An orc comes into view. It is wielding a falchion.
You struggle against the net.
The hound bites you.
You die...

......!.......
Y.......................
..................[Z.h..
{................?.h.h..
Y..Y........l......n.?..
)W.................@....
..........%.......W....o
# #Y.........h...l..o .P
#.#########@# { ≈≈) #{#
##Z##


P≈PK #{# ##Y## .%..{#.# ##Y## %%..≈{{## ##K## .P..$##{###.## { { ....≈ ##.#Y## {
.... ##W## #### ### You could see Harold, 3 yaks, a phantom, a hungry ghost, a
big kobold, a necrophage, an iguana, a hound, an orc priest, an orc, a quokka
zombie, a leopard gecko, 3 jackals and a bullfrog skeleton.

Vanquished Creatures
  A centaur skeleton (D:4)
  2 worker ants (D:4)
  A hound skeleton (D:4)
  2 adders (D:2)
  An ooze (D:4)
  An adder skeleton (D:4)
  2 worms (D:2)
  3 dart slugs
  A leopard gecko (D:2)
  2 orcs (D:3)
  A ball python (D:4)
  4 bats
  4 giant cockroaches
  11 goblins
  7 hobgoblins
  11 jackals
  5 quokkas
  6 frilled lizards
  7 kobolds
  A quokka skeleton (D:4)
  10 rats
83 creatures vanquished.

Notes
Turn   | Place    | Note
-------+----------+-------------------------------------------
     0 | D:1      | miragecloak the Formicid Monk began the quest for the Orb.
     0 | D:1      | Reached XP level 1. HP: 18/18 MP: 1/1
   198 | D:1      | Reached XP level 2. HP: 22/24 MP: 2/2
   746 | D:2      | Reached skill level 4 in Axes
   746 | D:2      | Reached XP level 3. HP: 29/29 MP: 3/3
  1937 | D:2      | Found a hazy altar of Hepliaklqana.
  2038 | D:2      | Reached XP level 4. HP: 29/35 MP: 4/4
  2500 | D:2      | Reached skill level 5 in Axes
  3284 | D:3      | Found a shattered altar of Ashenzari.
  3807 | D:4      | Reached XP level 5. HP: 38/41 MP: 5/5
  4697 | D:4      | Reached skill level 6 in Axes
  4848 | D:4      | Reached XP level 6. HP: 30/47 MP: 6/6
  4996 | D:4      | You fall through a shaft for 2 floors!
  5051 | D:6      | Noticed a sky beast
  5103 | D:6      | Noticed an ogre
  5139 | D:6      | You fall through a shaft for 3 floors!
  5139 | D:9      | Noticed a yak
  5139 | D:9      | Noticed a yak
  5139 | D:9      | Noticed a yak
  5139 | D:9      | Noticed a yak
  5139 | D:9      | Noticed a phantom
  5154 | D:9      | Noticed Harold
  5154 | D:9      | Noticed a hungry ghost
  5155 | D:9      | Noticed a necrophage
  5159 | D:9      | Slain by a hound

Skill      XL: |  1  2  3  4  5 |
---------------+----------------+-----
Axes           | 4 5 6 |  6.4
Fighting       | |  3.2
Dodging        | |  2.6
Stealth        | |  2.4

Action                   |  1- 3 |  4- 6 || total
-------------------------+-------+-------++-------
Melee: Hand axe          |   114 |   170 ||   284
 Abil: Shaft Self        |       |     2 ||     2
       Dig               |       |     1 ||     1
  Use: Potion            |       |     2 ||     2
 Stab: Sleeping          |     4 |     3 ||     7
  Eat: Chunk             |     3 |     7 ||    10
       Ration            |       |     1 ||     1
Armor: Robe              |    12 |    10 ||    22
       Leather armour    |       |    18 ||    18
Dodge: Dodged            |    92 |   143 ||   235
